 Dungeon Crawl Stone Soup version 0.17.0-28-g6e173f8 (webtiles) character file.

10 Redz the Digger (level 2, 0/16 HPs)
             Began as a Gargoyle Earth Elementalist on Nov 23, 2015.
             Slain by a ball python (1 damage)
             ... on level 2 of the Dungeon.
             The game lasted 00:02:34 (428 turns).

Redz the Digger (Gargoyle Earth Elementalist)        Turns: 428, Time: 00:02:34

Health: 0/16       AC:  4    Str: 11    XL:     2   Next: 20%
Magic:  5/5        EV:  8    Int: 15    God:
Gold:   42         SH:  0    Dex: 10    Spells: 1 memorised, 4 levels left

rFire  . . .     SeeInvis .     l - -3 whip (curse)
rCold  . . .     Clarity  .     a - +0 robe
rNeg   + . .     SustAt   .     g - +0 buckler
rPois  ∞         Gourm    .     (no helmet)
rElec  +         Spirit   .     (no cloak)
rCorr  .         Warding  .     (no gloves)
rMut   .         Stasis   .     (no boots)
MR     .....                    (no amulet)
Stlth  +.........               (no ring)
                                (no ring)

@: confused, constricted, not resistant to hostile enchantments, very unstealthy
A: negative energy resistance 1, electricity resistance, unbreathing,
petrification resistance, rot immunity, AC +2
a: no special abilities


You were on level 2 of the Dungeon.
You were not hungry.

You visited 1 branch of the dungeon, and saw 2 of its levels.

You collected 42 gold pieces.

Inventory:

Hand Weapons
 e - a +0 mace
 l - a cursed -3 whip (weapon)
Missiles
 b - 54 stones (quivered)
Armour
 a - a +0 robe (worn)
 g - a +0 buckler (worn)
Potions
 f - 4 potions of haste {unknown}
 j - a potion of curing
Books
 c - a book of Geomancy

   Spells                             Type                      Level
   a - Sandblast                      Earth                        1
   b - Stoneskin                      Transmutation/Earth          2
   c - Passwall                       Transmutation/Earth          3
   d - Stone Arrow                    Conjuration/Earth            3
   e - Petrify                        Transmutation/Earth          4
   f - Lee's Rapid Deconstruction     Earth                        5
Comestibles
 d - 2 bread rations


   Skills:
 * Level 0.4 Fighting
 * Level 0.8 Maces & Flails
 + Level 0.4 Armour
 - Level 1.5 Dodging
 - Level 2.1 Stealth
 + Level 1.0 Shields
 - Level 2.0 Spellcasting
   Level 0.7 Transmutations
 - Level 3.6 Earth Magic


You had 4 spell levels left.
You knew the following spells:

 Your Spells              Type           Power        Failure   Level  Hunger
a - Sandblast             Erth           ##....       10%         1    #......


Dungeon Overview and Level Annotations

Branches:
Dungeon (2/15)

Altars:

Annotations:
D:2 Jessica


Innate Abilities, Weirdness & Mutations

You are resistant to torment.
Your stone body is resilient (AC +2).
You are immune to poison.
You resist negative energy.
You are resistant to electric shocks.
You can survive without breathing.
You are immune to petrification.
You are immune to rotting.


Message History

Okay, then.
Are you sure you want to abandon this character and quit the game? (Confirm with "yes".)
Okay, then.
Are you sure you want to abandon this character and quit the game? (Confirm with "yes".)
Okay, then.
Are you sure you want to abandon this character and quit the game? (Confirm with "yes".)
Okay, then.
You bump into the rock wall.
Jessica zaps a wand.
You are more confused.
The ball python closely misses you. The ball python grabs you.
* * * LOW HITPOINT WARNING * * *
The ball python constricts you.
Jessica zaps a wand.
You are more confused.
The ball python closely misses you. The ball python constricts you.
The adder completely misses you.
You barely miss the ball python.
Jessica zaps a wand.
You are more confused.
The ball python bites you.
* * * LOW HITPOINT WARNING * * *
You die...

###### #.... #...
#..######.#
#.....$...#
#@....[...#
#SS>@.....##
#...........
#.........##
#######.........#
................##.
######......%......
#..###.#...#
#..Sl....(.#


You could see an adder, Jessica and a ball python.

Vanquished Creatures
  2 bats (D:1)
  A goblin (D:1)
  A hobgoblin (D:1)
  A giant newt (D:1)
  4 kobolds
  2 rats (D:1)
11 creatures vanquished.

Notes
Turn   | Place    | Note
--------------------------------------------------------------
     0 | D:1      | Redz the Gargoyle Earth Elementalist began the quest for the Orb.
     0 | D:1      | Reached XP level 1. HP: 10/10 MP: 3/3
   180 | D:1      | Reached XP level 2. HP: 15/15 MP: 5/5
   396 | D:2      | Reached skill level 1 in Shields
   405 | D:2      | Noticed Jessica
   428 | D:2      | Slain by a ball python

Action                   || total
-------------------------++-------
Melee: Mace              ||    26
       Whip              ||     2
  Use: Scroll            ||     4
 Stab: Sleeping          ||     2
